[Event "Early-Titled-Tuesday-Blitz-July-09-2024"]
[Site "Chess.com"]
[Date "2024.07.09"]
[Round "4"]
[White "Kopytkin"]
[Black "sathvikadiga"]
[Result "0-1"]
[WhiteElo "2416"]
[BlackElo "2667"]
[TimeControl "180+1"]
[EndTime "8:40:05 PDT"]
[Termination "sathvikadiga won on time"]

1. d4 Nf6 2. Bg5 d5 3. e3 c5 4. c3 Nc6 5. Nd2 Bf5 6. Qb3 Qb6 7. Ngf3 c4 8. Qxb6 axb6 9. a3 e6 10. Nh4 Bg6 11. Nxg6 hxg6 12. e4 b5 13. Bxf6 gxf6 14. Rd1 Bh6 15. Be2 O-O-O 16. exd5 exd5 17. O-O f5 18. Rfe1 Rhe8 19. Nf1 g5 20. f4 g4 21. g3 Kd7 22. Kf2 Bg7 23. Ne3 Ne7 24. Rh1 Rh8 25. Bf1 Rh5 26. h4 Rh6 27. Bg2 Kd6 28. Rde1 Re6 29. Re2 Bh6 30. Rhe1 Bg7 31. Nc2 Nc6 32. Re5 Bxe5 33. fxe5+ Kc7 34. Ne3 Ne7 35. Kg1 f6 36. exf6 Rxf6 37. Rf1 Rdf8 38. Bh1 f4 0-1

[Event "Early-Titled-Tuesday-Blitz-July-09-2024"]
[Site "Chess.com"]
[Date "2024.07.09"]
[Round "4"]
[White "BashirliSaadat"]
[Black "DucksParadise"]
[Result "1/2-1/2"]
[WhiteElo "2402"]
[BlackElo "2613"]
[TimeControl "180+1"]
[EndTime "8:40:05 PDT"]
[Termination "Game drawn by repetition"]

1. d4 Nf6 2. e3 g6 3. Bd3 Bg7 4.
f4 O-O 5. Nf3 d5 6. O-O c5 7. c3 Bf5 8. Ne5 Nbd7 9. Qe2 c4 10.
Bxf5 gxf5 11. Nd2 Ne4 12. Nxe4 fxe4 13. Nxd7 Qxd7 14. Bd2 f5 15. b3 b5 16. Rab1 Rf6 17. bxc4 bxc4 18. Rb4 Rb6 19. Rfb1 Rxb4 20. Rxb4 e6 21.
Qd1 Bf8 22. Rb2 Bd6 23. Qb1 Qc7 24. Rb7 Rb8 25. Rxb8+ Qxb8 26. Qxb8+ Bxb8 27. Bc1 Bd6 28. Kf2 Kf7 29. Ke2 Ke7 30. Kd2 Kd7 31. Kc2 Kc6 32.
Kb2 Kb5 33. Bd2 Ka4 34. Be1 Ba3+ 35. Kc2 Be7 36. Kb2 h5 37. Bf2 Bd8 38. h4 Be7 39.
g3 Ba3+ 40. Kc2 Kb5 41. Be1 a5 42. Bf2 Ka4 43. Be1 Be7 44. Kb2 Ba3+ 45. Kc2 Bd6 46. Kb2 Bf8 47. Bf2 Ba3+ 48. Kc2 Bb4 49. cxb4 axb4 50.
Kb2 c3+ 51. Kb1 Ka3 52. Be1 Ka4 53. Kc2 Ka3 54. Kb1 Ka4 55. Kc2 Ka3 56. Kb1 1/2-1/2

[Event "Early-Titled-Tuesday-Blitz-July-09-2024"]
[Site "Chess.com"]
[Date "2024.07.09"]
[Round "4"]
[White "Boorchess"]
[Black "Chernov_Alexander_A"]
[Result "0-1"]
[WhiteElo "2562"]
[BlackElo "2272"]
[TimeControl "180+1"]
[EndTime "8:40:05 PDT"]
[Termination "Chernov_Alexander_A won on time"]

1. d4 Nf6 2. c4 e6 3. Nc3 d5 4.
cxd5 Nxd5 5. e4 Nxc3 6. bxc3 c5 7. Rb1 Qa5 8. Bb5+ Bd7 9. Bxd7+ Nxd7 10. Bd2 b6 11. Nf3 Qa6 12. Qe2 Qxe2+ 13. Kxe2 Be7 14. a4 O-O-O 15. Rhc1 Rhe8 16. a5 Kb7 17. axb6 axb6 18. Be3 Ra8 19. Nd2 Ra2 20. Kf3 f5 21. exf5 exf5 22.
Nc4 Kc6 23. d5+ Kxd5 24. Nxb6+ Nxb6 25. Rxb6 Kc4 26. Re6 Raa8 27. Rb1 Bf6 28. Rxe8 Rxe8 29. Rb7 Rc8 30. Kf4 Kxc3 31. Kxf5 c4 32. g4 h6 33. h4 Bd4 34. Bxd4+ Kxd4 35. Rd7+ Kc5 36. Rxg7 c3 37. Re7 c2 38. Re1 Kc4 39. g5 h5 40. g6 Kd3 0-1

[Event "Early-Titled-Tuesday-Blitz-July-09-2024"]
[Site "Chess.com"]
[Date "2024.07.09"]
[Round "4"]
[White "kritipatel"]
[Black "Juicy_Fork"]
[Result "0-1"]
[WhiteElo "2141"]
[BlackElo "2455"]
[TimeControl "180+1"]
[EndTime "8:40:06 PDT"]
[Termination "Juicy_Fork won on time"]

1. e4 e5 2. Nf3 Nc6 3. Bc4 Nf6 4.
d3 Bc5 5. c3 d6 6. Nbd2 a5 7. a4 O-O 8. h3 Be6 9. O-O Ba7 10. Qb3 Qd7 11. Ng5 Bxc4 12. Nxc4 h6 13. Nf3 Rfe8 14. Be3 d5 15. exd5 Qxd5 16. Qxb7 Reb8 17.
Qxc7 Ne8 18. Qxb8 Rxb8 19. Bxa7 Nxa7 20. Ncxe5 Rxb2 21. c4 Qb7 22. d4 Nc6 23. Nd3 Rc2 24. c5 Rc3 25. Rfd1 Nf6 26. Rab1 Qa6 27. Nde5 Nxe5 28.
Nxe5 Nd5 29. Rb8+ Kh7 30. Nxf7 Qe2 31. Rf1 Nf4 32. Rh8+ Kg6 33. Ne5+ Kh5 34. Rf8 Qe4 35. f3 Qe3+ 36. Kh2 Rc2 37. Rf5+ g5 38. Rg1 Qf2 0-1

[Event "Early-Titled-Tuesday-Blitz-July-09-2024"]
[Site "Chess.com"]
[Date "2024.07.09"]
[Round "4"]
[White "ThanhNghia"]
[Black "Mikhail_Golubev"]
[Result "1/2-1/2"]
[WhiteElo "2489"]
[BlackElo "2644"]
[TimeControl "180+1"]
[EndTime "8:40:07 PDT"]
[Termination "Game drawn - insufficient material"]

1. e4 c5 2. Nf3 d6 3. d4 Nf6 4. Nc3 cxd4 5. Nxd4 g6 6. Be3 Bg7 7. f3 Nc6 8. Qd2 O-O 9. g4 h5 10. h3 d5 11. g5 Nh7 12. exd5 Nxd4 13. Bxd4 Nxg5 14.
Bg2 Bxd4 15. Qxd4 Ne6 16. Qd2 Ng7 17. O-O-O Bf5 18. f4 Rc8 19. d6 exd6 20. Qxd6 Qxd6 21. Rxd6 Rc7 22. Rd2 Rfc8 23. Be4 Bxe4 24. Nxe4 Nf5 25. c3 Kg7 26. Nd6 Nxd6 27. Rxd6 Rc5 28. Rd7 R8c7 29.
Rhd1 Kf6 30. Rxc7 Rxc7 31. Rd4 Kf5 32. Kd2 Re7 33. b3 f6 34. c4 g5 35. fxg5 fxg5 36.
c5 g4 37. Rd5+ Re5 38. hxg4+ hxg4 39. Rd7 Rxc5 40. Rxb7 a5 41. a3 Re5 42. b4 axb4 43.
axb4 g3 44. Rg7 Kf4 45. Kd3 Rb5 46. Kc4 Rg5 47. Rf7+ Ke3 48. Rf1 g2 49. Rb1 g1=Q 50. Rxg1 Rxg1 51. b5 Ke4 52. Kc5 Rc1+ 53. Kd6 Kd4 54.
b6 Rb1 55. Kc6 Rxb6+ 56. Kxb6 1/2-1/2

[Event "Early-Titled-Tuesday-Blitz-July-09-2024"]
[Site "Chess.com"]
[Date "2024.07.09"]
[Round "4"]
[White "Chessbard1972"]
[Black "ShahMatKanal"]
[Result "1-0"]
[WhiteElo "2225"]
[BlackElo "2548"]
[TimeControl "180+1"]
[EndTime "8:40:08 PDT"]
[Termination "Chessbard1972 won on time"]

1. d4 d5 2. c4 e6 3. Nc3 Nf6 4.
Bg5 c6 5. e3 Nbd7 6. cxd5 exd5 7. Qc2 Be7 8. Bd3 O-O 9. f3 h6 10. Bh4 c5 11. Nge2 cxd4 12. exd4 Nb6 13. O-O Be6 14.
Bf2 Rc8 15. Ng3 Nc4 16. Qe2 Re8 17. b3 Nd6 18. Rac1 Bf8 19. Qd2 h5 20. h4 g6 21.
Rfe1 a6 22. Na4 Kh7 23. Be3 Nd7 24. Bg5 Be7 25. Nxh5 Rxc1 26. Qxc1 Bxg5 27. hxg5 Bf5 28. Rxe8 Qxe8 29. Bxf5 Nxf5 30. Nf4 Nxd4 31. Qd2 Qe5 32. Nd3 Qe2 33. Qxe2 Nxe2+ 34. Kf2 Nd4 35. Nf4 Ne6 36. Nxd5 Nxg5 37. Ke3 Ne6 38. f4 Kg7 39. g4 f5 40.
g5 Kf7 41. b4 b5 42. Nb2 Nb8 43. Nd3 Nc6 44. a3 Ke8 45. Nc5 Nxc5 46. bxc5 Kd7 47. Nb4 Nb8 48. Kd4 a5 49. Nd3 Nc6+ 50. Kd5 b4 51.
axb4 axb4 52. Kc4 Nd8 53. Kxb4 1-0

[Event "Early-Titled-Tuesday-Blitz-July-09-2024"]
[Site "Chess.com"]
[Date "2024.07.09"]
[Round "4"]
[White "IMGC"]
[Black "alreadybroken23"]
[Result "0-1"]
[WhiteElo "2464"]
[BlackElo "2676"]
[TimeControl "180+1"]
[EndTime "8:40:08 PDT"]
[Termination "alreadybroken23 won on time"]

1. d4 Nf6 2. Nf3 d5 3. e3 c5 4. c3 Nc6 5. Bd3 Bg4 6. Nbd2 e6 7. O-O Bd6 8. Qe2 O-O 9. dxc5 Bxc5 10. e4 Qc7 11. h3 Bh5 12. e5 Nd7 13. Re1 Ndxe5 14. Bxh7+ Kxh7 15. Ng5+ Kg6 16. g4 Nxg4 17. Qd3+ Kf6 18.
hxg4 Bg6 19. Qf3+ Ke7 20. Nb3 Bb6 21. Bf4 Qd7 22. Rad1 Rfd8 23. Be3 Ne5 24. Qg3 Nc4 25. Bc5+ Bxc5 26. Nxc5 Qd6 27. Ncxe6 Qxg3+ 28. fxg3 Kf6 29. Rf1+ Ke5 30. Rde1+ Kd6 31. Nxf7+ Bxf7 32. Rxf7 Re8 33. Kf2 Rxe6 34. Rxe6+ Kxe6 35. Rxb7 g5 36. b3 Nd6 37. Rc7 Rc8 38. Rg7 Rxc3 39. Rg6+ Kd7 40. Rxg5 Ne4+ 0-1

[Event "Early-Titled-Tuesday-Blitz-July-09-2024"]
[Site "Chess.com"]
[Date "2024.07.09"]
[Round "4"]
[White "Senn71"]
[Black "ManMish2"]
[Result "0-1"]
[WhiteElo "2392"]
[BlackElo "2603"]
[TimeControl "180+1"]
[EndTime "8:40:08 PDT"]
[Termination "ManMish2 won on time"]

1. e4 e5 2. Nf3 Nc6 3. Nc3 Nf6 4. Bb5 Nd4 5. Nxd4 exd4 6. e5 dxc3 7. exf6 Qxf6 8. dxc3 c6 9. Bd3 d5 10. O-O Bd6 11. Qh5 h6 12. Be3 Qe5 13. Qxe5+ Bxe5 14. Bc5 Be6 15. f4 Bc7 16. f5 Bd7 17. Rae1+ Kd8 18. Be7+ Kc8 19. f6 g5 20. Bg6 Be8 21. Bf5+ Bd7 22.
Bg6 Be8 23. Bf5+ Kb8 24. g3 b6 25. Kg2 Kb7 26. Re2 c5 27. Rfe1 Bb5 28. Re3 Bc6 29. Kh3 h5 30. R3e2 a5 31. Re3 a4 32. a3 Rag8 33. R3e2 Bb8 34. Re3 Bc7 35. R3e2 Re8 36. Re3 Kb8 37. R3e2 h4 38. g4 Bf4 39. Kg2 Kc7 40. h3 Bd6 41. Bxd6+ Kxd6 42. Rxe8 Rxe8 43. Rxe8 Bxe8 0-1

[Event "Early-Titled-Tuesday-Blitz-July-09-2024"]
[Site "Chess.com"]
[Date "2024.07.09"]
[Round "4"]
[White "Nf3c5"]
[Black "DarkPassenger007"]
[Result "0-1"]
[WhiteElo "2653"]
[BlackElo "2364"]
[TimeControl "180+1"]
[EndTime "8:40:08 PDT"]
[Termination "DarkPassenger007 won on time"]

1. e4 c5 2. Nc3 d6 3. f4 g6 4. Nf3 Bg7 5. Bb5+ Bd7 6. Bc4 Nf6 7. O-O O-O 8. Qe1 a6 9. a3 b5 10. Ba2 Nc6 11. d3 b4 12. axb4 cxb4 13. Nd5 Nxd5 14. Bxd5 a5 15. f5 e6 16. Bg5 Qb6+ 17. Be3 Qc7 18.
Qh4 exd5 19. f6 Bh8 20. Qh6 Bxf6 21. Ng5 Bxg5 22. Bxg5 Qb6+ 23. Kh1 f5 24. exd5 Ne5 25. Rae1 Ng4 26. Qh4 Rae8 27. h3 Rxe1 28. Rxe1 Ne5 29. d4 Nf7 30. Bf6 Re8 31. Be7 b3 32. c3 a4 33. Qf6 a3 34. bxa3 b2 35. Rb1 Qb3 36.
Bxd6 Qc2 37. Rxb2 Qc1+ 38. Kh2 Qxb2 39. Be5 Nxe5 40. dxe5 Qxc3 0-1

[Event "Early-Titled-Tuesday-Blitz-July-09-2024"]
[Site "Chess.com"]
[Date "2024.07.09"]
[Round "4"]
[White "quvnoq_muxlis"]
[Black "nj123456"]
[Result "0-1"]
[WhiteElo "2696"]
[BlackElo "2521"]
[TimeControl "180+1"]
[EndTime "8:40:09 PDT"]
[Termination "nj123456 won by checkmate"]

1. e4 c6 2. d4 d5 3. Nc3 dxe4 4. Nxe4 Nf6 5. Nxf6+ exf6 6. c3 Bd6 7. Bd3 O-O 8. Qc2 Re8+ 9. Ne2 h5 10. h3 h4 11.
Bd2 Nd7 12. O-O-O Nf8 13. Rhg1 Bh2 14. Rh1 Bd6 15. Rhg1 Bh2 16. Rge1 Bd6 17. Kb1 Be6 18. Rg1 Bh2 19. Rh1 Bc7 20. Rdg1 b5 21. g3 Bd5 22. Rh2 f5 23. f4 hxg3 24. Nxg3 Ng6 25. Rf2 Nh4 26. Nxf5 Nxf5 27. Bxf5 Qf6 28. Bc1 a5 29. Bd3 a4 30. Qd1 a3 31. b3 Ba5 32. Qh5 Bxc3 33.
Rff1 Re4 34. Rg2 Qxd4 35. Bc2 Rae8 36. Rfg1 Qc5 37. Rg3 Bf6 38. Bd2 Qd4 39. Bc3 Re1+ 40. Rxe1 Rxe1+ 41. Bd1 Rxd1+ 42. Kc2 Be4+ 43. Rd3 Qxd3# 0-1

[Event "Early-Titled-Tuesday-Blitz-July-09-2024"]
[Site "Chess.com"]
[Date "2024.07.09"]
[Round "4"]
[White "Zq1"]
[Black "madmax011"]
[Result "1-0"]
[WhiteElo "2571"]
[BlackElo "2372"]
[TimeControl "180+1"]
[EndTime "8:40:09 PDT"]
[Termination "Zq1 won by resignation"]

1. Nf3 Nf6 2. c4 e6 3. Nc3 d5 4. d4 Be7 5. g3 O-O 6. Bg2 a6 7. Ne5 c6 8. O-O Nbd7 9. f4 dxc4 10. Nxc4 Nd5 11. e4 N5f6 12. f5 Nb6 13. Ne3 c5 14. d5 exd5 15. e5 d4 16. exf6 Bxf6 17. Ne4 dxe3 18. Qxd8 Bxd8 19. Bxe3 Be7 20. Bxc5 Bxc5+ 21. Nxc5 Nd7 22. Nxd7 Bxd7 23. Bxb7 Rab8 24. Bxa6 Rxb2 25.
Bc4 Rc8 26. Bb3 h6 27. g4 Bb5 28. Rf2 Rxf2 29. Kxf2 Rd8 30. Rd1 Re8 31. Rd2 Kf8 32.
a4 Ba6 33. Rc2 Rb8 34. Bc4 Rc8 35. Bd3 Rxc2+ 36. Bxc2 Ke7 37. Ke3 Kd6 38. Bd3 Bb7 39. a5 Kc5 40. a6 Ba8 41. Be4 Bxe4 42. Kxe4 Kb6 43. Kd5 Kxa6 44. Kd6 g6 45. f6 h5 46. gxh5 gxh5 47. Ke7 Kb7 48. Kxf7 Kc7 49. Ke7 h4 50.
h3 Kc6 51. f7 Kd5 52. f8=Q Ke5 53. Qf3 1-0

[Event "Early-Titled-Tuesday-Blitz-July-09-2024"]
[Site "Chess.com"]
[Date "2024.07.09"]
[Round "4"]
[White "ketster"]
[Black "honestgames"]
[Result "0-1"]
[WhiteElo "2583"]
[BlackElo "2849"]
[TimeControl "180+1"]
[EndTime "8:40:11 PDT"]
[Termination "honestgames won on time"]

1. d4 Nf6 2. c4 b6 3. Nc3 Bb7 4. d5 g6 5. e4 d6 6. Bd3 Bg7 7. Nf3 O-O 8. O-O e6 9. Bg5 h6 10. Bd2 a5 11. b3 Na6 12. a3 Nc5 13. Bc2 Ba6 14. Re1 exd5 15. cxd5 Re8 16. Nd4 Nfxe4 17.
Nc6 Qh4 18. g3 Nxc3 19. Bxc3 Qg5 20. h4 Qh5 21. Qxh5 gxh5 22. Bxg7 Kxg7 23. b4 Bd3 24. bxc5 Bxc2 25. Rec1 Be4 26. cxd6 cxd6 27. Rd1 b5 28. Nd4 b4 29. Nc6 b3 30. Rd2 a4 31. Re1 Bg6 32. Rxe8 Rxe8 33. Nd4 Re1+ 34. Kg2 Ra1 35. Nb5 Ra2 36.
Rd1 b2 37. Nc3 Ra1 38. Rd2 b1=Q 39. Nxb1 Rxb1 40. Rd4 Bc2 41. Rc4 Bb3 42. Rd4 Rd1 0-1

[Event "Early-Titled-Tuesday-Blitz-July-09-2024"]
[Site "Chess.com"]
[Date "2024.07.09"]
[Round "4"]
[White "chrisclaireredfield"]
[Black "MrMatesM"]
[Result "1/2-1/2"]
[WhiteElo "2513"]
[BlackElo "2713"]
[TimeControl "180+1"]
[EndTime "8:40:11 PDT"]
[Termination "Game drawn - insufficient material"]

1. Nf3 c5 2. c4 g6 3. e3 Bg7 4.
d4 cxd4 5. exd4 d5 6. Nc3 Nf6 7.
Bg5 O-O 8. Bxf6 Bxf6 9. cxd5 Nd7 10. Bc4 Nb6 11. Bb3 Bg4 12. O-O Bxf3 13. Qxf3 Bxd4 14.
Rad1 Bxc3 15. Qxc3 Qd6 16. Rfe1 Rac8 17. Qe5 Rc7 18. g3 Rd8 19. Rd2 Qxe5 20. Rxe5 Rd6 21. Rde2 Kf8 22. Kg2 a5 23. a3 Rcd7 24. Rc2 Nxd5 25.
Rc5 Nf6 26. Rxa5 Rd2 27. Ra8+ Kg7 28. Ba4 Rc7 29. h3 Rxb2 30. Rb8 e6 31. Rb5 Rxb5 32. Bxb5 Nd5 33. a4 b6 34. Be2 Rc2 35. Bf3 Ne3+ 36. Kg1 Nc4 37. Rc8 Kf6 38. Bb7 h5 39. Ba6 Na3 40. Rb8 Rc6 41. Bb5 Rd6 42. Be8 Ke7 43.
Kg2 Nc4 44. Bb5 Ne5 45. Rb7+ Kf6 46. Be8 Rd8 47. f4 Rxe8 48. fxe5+ Kxe5 49. Rxf7 Ra8 50. Rb7 Rxa4 51. Rxb6 Ra2+ 52. Kf3 Ra3+ 53. Kf2 Kf5 54. Rb8 e5 55. Rf8+ Ke4 56. Rf6 Ra2+ 57. Kf1 g5 58. g4 hxg4 59. hxg4 Ke3 60. Rf5 e4 61. Rxg5 Ra1+ 62.
Kg2 Ke2 63. Rb5 e3 64. Rb2+ Kd3 65. Rb3+ Kd4 66. Kf3 Rf1+ 67. Ke2 Rf2+ 68. Ke1 Rg2 69. Rb8 Kd3 70. Rd8+ Ke4 71. Re8+ Kf3 72. Rf8+ Kg3 73.
Re8 Kf4 74. Rf8+ Kxg4 75. Rg8+ Kf3 76. Rxg2 Kxg2 77. Ke2 Kg3 78. Kxe3 1/2-1/2

[Event "Early-Titled-Tuesday-Blitz-July-09-2024"]
[Site "Chess.com"]
[Date "2024.07.09"]
[Round "4"]
[White "Gryffindorac8"]
[Black "Alonmindlin"]
[Result "0-1"]
[WhiteElo "2494"]
[BlackElo "2714"]
[TimeControl "180+1"]
[EndTime "8:40:11 PDT"]
[Termination "Alonmindlin won by resignation"]

1. d4 Nf6 2. c4 e6 3. Nf3 Bb4+ 4. Bd2 Qe7 5. g3 Nc6 6. Nc3 d6 7. Bg2 Bxc3 8. Bxc3 Ne4 9. Qc2 Nxc3 10. Qxc3 O-O 11.
O-O e5 12. d5 Nb8 13. e4 c5 14. dxc6 Nxc6 15. h3 Be6 16. Rad1 Rfd8 17. Rd2 Rd7 18.
Rfd1 Rad8 19. b3 a5 20. Qe3 h6 21. Kh2 Nb4 22. Qb6 Nc6 23. Ne1 a4 24. Nc2 axb3 25. axb3 Ra8 26. Ra1 Rxa1 27. Nxa1 Qd8 28. Qxd8+ Rxd8 29.
Nc2 Kf8 30. Bf1 Ra8 31. Rxd6 Ra2 32. Ne3 Rxf2+ 33. Kg1 Rf3 34. Rd3 Nb4 35. Rc3 Rxg3+ 36. Kf2 Rg6 37. c5 Rf6+ 38. Ke2 Nc6 39. Nc2 g5 40. b4 Nd4+ 41. Nxd4 exd4 42. Rc1 Bd7 43. Kd2 Rf2+ 44. Ke1 Rb2 45. Rd1 Rxb4 46. Kf2 Bb5 47. Bxb5 Rxb5 48. Rxd4 Rxc5 49. Rd7 b5 50. Rb7 Rc2+ 51.
Kg3 Rb2 52. Kg4 b4 53. h4 gxh4 54. Kxh4 b3 55. Kg3 Rb1 56. Kf4 b2 57. Ke5 h5 58.
Kf5 Rf1+ 0-1

[Event "Early-Titled-Tuesday-Blitz-July-09-2024"]
[Site "Chess.com"]
[Date "2024.07.09"]
[Round "4"]
[White "Potosino1970"]
[Black "Alexander_Donchenko"]
[Result "1-0"]
[WhiteElo "2720"]
[BlackElo "2903"]
[TimeControl "180+1"]
[EndTime "8:40:12 PDT"]
[Termination "Potosino1970 won by resignation"]

1. e4 c6 2. Nc3 d5 3. Nf3 dxe4 4. Nxe4 Nf6 5. Qe2 Nxe4 6. Qxe4 Nd7 7. Bc4 Nf6 8. Ne5 e6 9. Qe2 b5 10. Bb3 Qc7 11. O-O Bd6 12. d4 O-O 13. c3 a5 14.
a3 c5 15. Re1 Bb7 16. Bg5 Ne4 17. Bh4 cxd4 18. cxd4 Bxe5 19. dxe5 Qxe5 20. Bc2 f5 21. Bb3 a4 22. Ba2 Bd5 23. Bxd5 exd5 24. Rad1 Qd6 25. f3 Nf6 26. Bxf6 Rxf6 27. Qxb5 Qb6+ 28. Qxb6 Rxb6 29.
Rxd5 Rxb2 30. Rxf5 Rb3 31. Re7 Kh8 32. Ra7 Rc8 33. Rxa4 h6 34. Rf7 Rc2 35. h3 Rc8 36. h4 Kg8 37. Rd7 h5 38. Ra5 Rc6 39. Rxh5 Rg6 40. Rg5 Rxg5 41. hxg5 Rxa3 42. g6 Kf8 43. Rd6 Ra4 44. Kf2 Ke7 45. Rb6 Ra2+ 46. Kg3 Rc2 47. f4 Rd2 48. Kf3 Rc2 49. g4 Rc4 50. f5 Ra4 51. Rb7+ Kf6 52. Rf7+ Kg5 53. Rxg7 Rf4+ 54. Ke3 Kxg4 55. Rf7 Rxf5 56. Rxf5 Kxf5 57. g7 1-0

[Event "Early-Titled-Tuesday-Blitz-July-09-2024"]
[Site "Chess.com"]
[Date "2024.07.09"]
[Round "4"]
[White "KogotBobra17"]
[Black "nicolochessit"]
[Result "1-0"]
[WhiteElo "2662"]
[BlackElo "2366"]
[TimeControl "180+1"]
[EndTime "8:40:12 PDT"]
[Termination "KogotBobra17 won on time"]

1. f4 Nf6 2. Nf3 d5 3. g3 g6 4.
Bg2 Bg7 5. O-O O-O 6. d3 c5 7.
Nc3 Nc6 8. e4 dxe4 9. dxe4 Nd4 10. e5 Ng4 11. h3 Nh6 12. Nxd4 cxd4 13. Ne2 f6 14. Qxd4 Qxd4+ 15. Nxd4 fxe5 16. fxe5 Nf5 17. Nxf5 Bxf5 18. Bf4 Bxc2 19. Bxb7 Rab8 20. Bd5+ Kh8 21. b3 g5 22. Bxg5 Bxe5 23. Bxe7 Bxa1 24. Rxa1 Rf5 25.
Be6 Rf3 26. Bd6 Rb5 27. Rc1 Rf6 28. Re1 Kg7 29. Be5 Rxe5 30. Rxe5 Bb1 31. a3 Ba2 32.
Bc4 Rf3 33. Kg2 Rc3 34. Re7+ Kf6 35. Rxa7 h5 36. Rb7 Kg5 37. Rb5+ Kh6 38. g4 h4 39. Rh5+ Kg6 40. Rxh4 Bb1 41. Rh5 Be4+ 42. Kf2 Kf6 43. Rb5 Kg6 44. Rb6+ Kg5 45. a4 Rxh3 46. a5 Kf4 47.
Rf6+ Ke5 48. Rf8 1-0

[Event "Early-Titled-Tuesday-Blitz-July-09-2024"]
[Site "Chess.com"]
[Date "2024.07.09"]
[Round "4"]
[White "Zarinur"]
[Black "Resourchess"]
[Result "0-1"]
[WhiteElo "2544"]
[BlackElo "2383"]
[TimeControl "180+1"]
[EndTime "8:40:12 PDT"]
[Termination "Resourchess won on time"]

1. e4 d6 2. d4 g6 3. Nf3 Bg7 4. Bc4 Nf6 5. Qe2 O-O 6. O-O c5 7. c3 Bg4 8. h3 Bxf3 9. Qxf3 cxd4 10. cxd4 Nc6 11. Rd1 e5 12. d5 Nd4 13. Qd3 Nd7 14. b4 a5 15. Bd2 Rb8 16. a3 b5 17. Ba2 a4 18. Bc3 Qh4 19. Nd2 f5 20. Bxd4 exd4 21. exf5 Ne5 22. Qe4 Qh5 23. fxg6 hxg6 24. Nf1 Rbe8 25.
Ng3 Qh6 26. Qc2 Rf4 27. Qd2 Ref8 28. Rf1 Nf3+ 29. gxf3 Qxh3 30. Rfe1 Be5 31. Qd3 Kg7 32.
Rxe5 dxe5 33. d6 Rxf3 34. Qe4 Rxf2 35. Qxe5+ Kh7 36. Qe7+ R8f7 37. Qxf7+ Rxf7 38. Bxf7 Qxg3+ 39. Kh1 Qf3+ 0-1

[Event "Early-Titled-Tuesday-Blitz-July-09-2024"]
[Site "Chess.com"]
[Date "2024.07.09"]
[Round "4"]
[White "gpsji27"]
[Black "noblerone"]
[Result "1/2-1/2"]
[WhiteElo "2345"]
[BlackElo "2521"]
[TimeControl "180+1"]
[EndTime "8:40:12 PDT"]
[Termination "Game drawn by stalemate"]

1. d4 d5 2. Nf3 Nf6 3. Bg5 Ne4 4. Bh4 f6 5. Nfd2 Nd6 6. f4 c6 7. e3 Qb6 8. Qc1 Bf5 9. c4 Ne4 10. Nxe4 Bxe4 11. Nc3 Nd7 12. Nxe4 dxe4 13. Be2 e6 14.
O-O Be7 15. Rb1 a5 16. c5 Qc7 17. Bc4 Nf8 18. f5 g5 19. Bg3 Qd7 20. fxe6 Nxe6 21.
Qc2 Nc7 22. Qxe4 Nd5 23. Bxd5 cxd5 24. Qf5 Rd8 25. b4 axb4 26. Rxb4 O-O 27. Rb6 Qa4 28.
Rxb7 Rf7 29. Qe6 Qe8 30. Rfb1 Bf8 31. Qxf7+ Qxf7 32. Rxf7 Kxf7 33. Rb7+ Kg6 34. Ra7 f5 35. Be5 f4 36. exf4 gxf4 37. Kf2 Kf5 38. Kf3 Re8 39. a4 Bxc5 40. Rf7+ Kg6 41. Rf6+ Kg5 42. h4+ Kh5 43.
Rxf4 Be7 44. g3 Rc8 45. Rf7 Rc3+ 46. Kf4 Bf8 47. Rxf8 h6 48. Rf5+ Kg6 49. Rf6+ Kh5 50. Ra6 Rf3+ 51. Kxf3 1/2-1/2

[Event "Early-Titled-Tuesday-Blitz-July-09-2024"]
[Site "Chess.com"]
[Date "2024.07.09"]
[Round "4"]
[White "David_Arutinian"]
[Black "FGHSMN"]
[Result "1-0"]
[WhiteElo "2836"]
[BlackElo "2990"]
[TimeControl "180+1"]
[EndTime "8:40:14 PDT"]
[Termination "David_Arutinian won on time"]

1. Nf3 Nf6 2. c4 b6 3. g3 Bb7 4.
Bg2 g6 5. O-O Bg7 6. d4 O-O 7. d5 Ne4 8. Qc2 f5 9. Nbd2 Nc5 10. e4 e6 11. Rb1 a5 12. exf5 exf5 13.
Re1 Nba6 14. a3 a4 15. Ne5 Re8 16. Ndf3 d6 17. Bg5 Bf6 18. Bxf6 Qxf6 19. Nc6 Nb3 20. h4 Nac5 21. Ng5 h6 22. Nh3 g5 23. hxg5 hxg5 24.
Rbd1 Kg7 25. Re2 Bxc6 26. dxc6 Nd4 27. Rxe8 Rxe8 28. Qd2 Ne2+ 29. Kf1 g4 30. Nf4 Nxf4 31. Qxf4 Kg6 32. Qd2 Qe5 33. Bd5 Nb3 34. Qd3 Qxb2 35. Kg2 Re2 36. Rf1 Nc5 37. Qd1 Qe5 38. Kg1 Kg5 39. Qc1+ f4 40. gxf4+ Qxf4 41. Qd1 Re5 42. Qc2 Kf6 43. Qh7 Qg5 44. Qxc7 Kf5 45. Qc8+ Kg6 46. Qg8+ 1-0

[Event "Early-Titled-Tuesday-Blitz-July-09-2024"]
[Site "Chess.com"]
[Date "2024.07.09"]
[Round "4"]
[White "EpicWarrior2015"]
[Black "Cxrjs"]
[Result "1-0"]
[WhiteElo "2489"]
[BlackElo "2510"]
[TimeControl "180+1"]
[EndTime "8:40:20 PDT"]
[Termination "EpicWarrior2015 won on time"]

1. e4 e5 2. Nf3 Nc6 3. Bc4 Bc5 4.
O-O Nf6 5. d4 Bxd4 6. Nxd4 Nxd4 7. Bg5 h6 8. Bh4 d6 9. f4 Bg4 10. Bxf6 Bxd1 11. Bxd8 Rxd8 12. c3 Nc2 13. Rxd1 Nxa1 14.
Na3 exf4 15. Rxa1 c6 16. Nc2 O-O 17. Kf2 Rfe8 18. Kf3 g5 19. Rd1 Kg7 20. h4 b5 21.
Bb3 a5 22. a3 Kf6 23. Nd4 c5 24. Nxb5 g4+ 25. Kxf4 Rb8 26. a4 h5 27. Rxd6+ Kg7 28. Rd7 Rf8 29. Bd5 Rb6 30. e5 Kg6 31. b3 f6 32.
Be4+ f5 33. Bd5 Rc8 34. Nd6 Rcb8 35. Nb5 c4 36. Bxc4 Rc6 37. Bf7+ Kh6 38. Rd6+ Rxd6 39. exd6 Kg7 40. Bd5 Kf6 41. Nd4 Rd8 42. Nxf5 Rd7 43. c4 Rd8 44. c5 Kg6 45. c6 Rf8 46. Be4 Kf6 47. c7 Ke6 48. Bb7 Rxf5+ 49. Ke4 Re5+ 50.
Kd4 1-0

[Event "Early-Titled-Tuesday-Blitz-July-09-2024"]
[Site "Chess.com"]
[Date "2024.07.09"]
[Round "4"]
[White "Mikasinski"]
[Black "PositionalPanther"]
[Result "0-1"]
[WhiteElo "2694"]
[BlackElo "2504"]
[TimeControl "180+1"]
[EndTime "8:40:21 PDT"]
[Termination "PositionalPanther won by resignation"]

1. e4 e6 2. d4 d5 3. Nc3 Nf6 4.
Bg5 dxe4 5. Nxe4 Be7 6. Bxf6 gxf6 7. Nf3 f5 8. Nc3 a6 9. g3 b5 10. Bg2 Bb7 11. O-O c5 12. d5 b4 13. dxe6 bxc3 14. exf7+ Kf8 15. Qe2 Be4 16. Rad1 Qb6 17. bxc3 Nc6 18.
Nh4 Bxh4 19. Bxe4 fxe4 20. Rb1 Qc7 21. Qxe4 Bf6 22. Qf5 Kxf7 23. Qd5+ Kg7 24. Qxc5 Rab8 25. Rbd1 Rbd8 26. Rb1 Rhe8 27. Rb4 Qd6 28. Rg4+ Kh8 29. Qh5 Ne5 30. Rd4 Qe7 31. Rf4 Ng6 32. Rf3 Qe5 33.
Qg4 Qe6 34. Qh5 Bg7 35. Re3 Qf6 36. Rf3 Qe5 37. Qh3 Qe6 38. Qh5 Qe2 39. Kg2 Qxc2 40.
h4 Qe4 41. Qf5 Qxf5 42. Rxf5 Rf8 43. Rxf8+ Nxf8 44. c4 Rc8 45. Rc1 Ne6 46. a4 Nc5 47. a5 Nb3 48. Rc2 Nxa5 49. Ra2 Rc5 50. g4 Bc3 51. Ra3 Bb4 52. Ra4 Rxc4 53. f3 Kg7 54. Kh3 Bc3 55. Ra2 Rd4 56. Re2 Rd7 57. g5 Nc4 58. Rc2 Rd3 59. Kg4 a5 60. f4 a4 61. f5 Ne3+ 62. Kf3 Nxc2+ 63. Ke4 Rd4+ 64. Ke5 a3 65. Ke6 Re4+ 66. Kd5 Re5+ 67. Kd6 a2 0-1

[Event "Early-Titled-Tuesday-Blitz-July-09-2024"]
[Site "Chess.com"]
[Date "2024.07.09"]
[Round "4"]
[White "GilbertoHernandezAmura"]
[Black "Nechitaylo_Nikita"]
[Result "1-0"]
[WhiteElo "2514"]
[BlackElo "2314"]
[TimeControl "180+1"]
[EndTime "8:40:21 PDT"]
[Termination "GilbertoHernandezAmura won on time"]

1. e4 c5 2. Nf3 Nc6 3. Bb5 e5 4.
Bxc6 dxc6 5. d3 Bd6 6. a4 Nf6 7. h3 O-O 8. Be3 Ne8 9. Nbd2 Nc7 10. Nc4 f6 11. a5 Ne6 12. O-O Nd4 13. Nfd2 Be6 14. c3 Nb5 15. Qe2 Nd4 16. Qd1 Be7 17.
f4 Nb5 18. Qe2 Qc7 19. fxe5 fxe5 20. Nb3 b6 21. axb6 axb6 22. Rxa8 Rxa8 23. Qh5 Bf6 24.
Bg5 Bxg5 25. Qxg5 Bxc4 26. dxc4 Nd6 27. Qxe5 Re8 28. Qg3 Qe7 29. Re1 Nxc4 30. Re2 Qe6 31. Nc1 Nd6 32. e5 Nc4 33. Nd3 Rd8 34. Nf4 Qf5 35.
e6 Rd1+ 36. Kh2 Qb1 37. Qf2 Rh1+ 38. Kg3 Nd6 39. e7 Qf5 40. e8=Q+ Nxe8 41. Rxe8+ Kf7 42.
Re3 g5 43. Nh5 Qxf2+ 44. Kxf2 Kg6 45. Ng3 Rb1 46. Re2 b5 47. Ne4 c4 48. Nc5 Kf5 49. Kg3 h5 50. Ne6 Rxb2 51. Nd4+ Kg6 52. Rxb2 1-0